 Dungeon Crawl Stone Soup version 0.18-b1-2-gd0c887e (webtiles) character file.

69 SkaryMonk the Sneak (level 4, -1/29 HPs)
             Began as an Octopode Assassin on Apr 28, 2016.
             Slain by a hobgoblin
             ... wielding a cursed +0 club
             ... led by Robin
              (3 damage)
             ... on level 2 of the Dungeon.
             The game lasted 00:04:33 (1370 turns).

SkaryMonk the Sneak (Octopode Assassin)             Turns: 1370, Time: 00:04:34

Health: -1/29      AC:  1    Str: 10    XL:     4   Next: 20%
Magic:  4/4        EV: 12    Int: 13    God:
Gold:   77         SH:  0    Dex: 14    Spells: 0 memorised, 3 levels left

rFire  . . .     SeeInvis .     q - +0 dagger (elec)
rCold  . . .     Gourm    .     (no shield)
rNeg   . . .     Faith    .     (helmet restricted)
rPois  .         Spirit   .     (no amulet)
rElec  .         Dismiss  .     (no ring)
rCorr  .         Reflect  .     (no ring)
SustAt .         Harm     .     (no ring)
MR     .....                    (no ring)
Stlth  ++++......               (no ring)
                                (no ring)
                                (no ring)
                                (no ring)

@: very slightly contaminated, hasted, invisible, very quick, not resistant to
hostile enchantments, stealthy
A: almost no armour, amphibious, 8 rings, constrict 8, camouflage 1, gelatinous
body 1
a: no special abilities


You were on level 2 of the Dungeon.
You were hungry.

You visited 1 branch of the dungeon, and saw 2 of its levels.

You collected 77 gold pieces.

Notes
Turn   | Place    | Note
--------------------------------------------------------------
     0 | D:1      | SkaryMonk the Octopode Assassin began the quest for the Orb.
     0 | D:1      | Reached XP level 1. HP: 14/14 MP: 1/1
   106 | D:1      | Reached XP level 2. HP: 16/19 MP: 2/2
   672 | D:1      | Reached XP level 3. HP: 24/24 MP: 3/3
  1336 | D:2      | Noticed Robin
  1352 | D:2      | Killed Robin
  1352 | D:2      | Reached XP level 4. HP: 8/29 MP: 4/4
  1366 | D:2      | HP: 1/29 [goblin[Robin] (5)]
  1370 | D:2      | Slain by a hobgoblin

Inventory:

Hand Weapons
 a - a +2 dagger
 b - a +0 blowgun
 n - a +2 vampiric dagger
 q - a +0 dagger of electrocution (weapon)
Missiles
 c - 20 poisoned needles
 d - 2 curare-tipped needles
Scrolls
 g - a scroll of identify
 k - a scroll of teleportation {unknown}
 m - a scroll of magic mapping {unknown}
 o - a scroll of remove curse {unknown}
Potions
 h - 2 potions of haste
 p - a potion of lignification {unknown}
Comestibles
 f - a bread ration
 j - 2 chunks of flesh
 l - a meat ration

Table legend:
 A = Turns spent in this place as a percentage of turns spent in the entire game.
 B = Non-inter-level travel turns spent in this place as a percentage of non-inter-level travel turns spent in the entire game.
 C = Inter-level travel turns spent in this place as a percentage of turns spent in this place.
 D = Turns resting spent in this place as a percentage of non-inter-level travel turns spent in this place.
 E = Turns spent auto-exploring this place as a percentage of non-inter-level travel turns spent in this place.
 F = Non-inter-level travel turns spent in this place divided by the number of levels of this place that you've seen.
                   A       B       C       D       E      F
               +-------+-------+-------+-------+-------+----------------------
         Total | 100.0 | 100.0 |   0.3 |   7.0 |  10.5 | 171.0
       Dungeon | 100.0 | 100.0 |   0.3 |   7.0 |  10.5 | 171.0
               +-------+-------+-------+-------+-------+----------------------


   Skills:
 - Level 2.2 Fighting
 + Level 4.0 Short Blades
 - Level 2.0 Throwing
 - Level 1.2 Dodging
 - Level 5.5 Stealth


You had 3 spell levels left.
You didn't know any spells.

Dungeon Overview and Level Annotations

Branches:
Dungeon (2/15)

Altars:


Innate Abilities, Weirdness & Mutations

You cannot wear most types of armour.
You are amphibious.
You can wear up to eight rings at the same time.
You can use your tentacles to constrict eight enemies at once.
Your skin changes colour to match your surroundings (Stealth).
Your rubbery body absorbs attacks (AC +1).


Message History

You hit the goblin.
There is a sudden explosion of sparks!
You kill the goblin!
Some of the chunks of flesh in your inventory have rotted away.
You hit the goblin. You grab the goblin.
The goblin is moderately wounded.
You constrict the goblin, but do no damage.
The goblin hits you.
* * * LOW HITPOINT WARNING * * *
Drink which item? (? for menu, Esc to quit)
It was a potion of invisibility.
You fade into invisibility!
You constrict the goblin. You hit the goblin.
You kill the goblin!
Your Short Blades skill increases to level 4!
You hit the hobgoblin but do no damage. Your grab misses the hobgoblin.
Your squeeze misses the hobgoblin.
You are feeling hungry.
The hobgoblin hits you with a club.
You die...

#.## # #### #..## #.
...## # ....# #..
#...##(## ....## #...
#.#...... .....#####
#...[#### ##..(....#
###......#
#.....###...g..#
##..##..####
#(...(##.....#
##..##....#####.).(##
.##..
##.)####..).@gK##..##..##
#........#)######.....g#
#......###.# ##.###...
#...##..##.. ..#
#.....###.##### #.#
#..###.. .# ## #..# ##..
.. ..# #. #.. .# ##.


You could see a hobgoblin and a kobold.

Table legend:
 A = Kills in this place as a percentage of kills in entire the game.
 B = Kills by you in this place as a percentage of kills by you in the entire game.
 C = Kills by friends in this place as a percentage of kills by friends in the entire game.
 D = Other kills in this place as a percentage of other kills in the entire game.
 E = Experience gained in this place as a percentage of experience gained in the entire game.
 F = Experience gained in this place divided by the number of levels of this place that you have seen.
                   A       B       C       D       E      F
               +-------+-------+-------+-------+-------+----------------------
         Total | 100.0 | 100.0 |  -nan |  -nan | 100.0 |  49.5
       Dungeon | 100.0 | 100.0 |  -nan |  -nan | 100.0 |  49.5
               +-------+-------+-------+-------+-------+----------------------

Vanquished Creatures
  Robin (D:2)
  An adder (D:2)
  A worm (D:2)
  2 dart slugs (D:1)
  A ball python (D:1)
  2 giant cockroaches (D:1)
  8 hobgoblins
  5 kobolds
  A quokka (D:2)
  6 bats (D:1)
  10 goblins
  3 rats
41 creatures vanquished.

Action                   |  1- 3 |  4- 6 || total
-------------------------+-------+-------++-------
Melee: Dagger            |    77 |    10 ||    87
       Constrict         |    18 |     2 ||    20
       Tentacles         |     7 |     1 ||     8
 Fire: Blowgun           |     9 |       ||     9
  Use: Scroll            |     3 |       ||     3
       Potion            |     1 |     2 ||     3
 Stab: Sleeping          |    10 |       ||    10
       Distracted        |     1 |       ||     1
  Eat: Chunk             |     1 |       ||     1
Armor: Skin              |     4 |       ||     4
Dodge: Dodged            |    33 |     2 ||    35

Vault maps used:
D:1:      dpeg_arrival_windows_large_door, serial_bayou_pond_a
D:2:      uniq_robin
